 Dungeon Crawl Stone Soup version 0.25-a0-294-gea9b1ad378 (webtiles) character file.

Game seed: 4401852658413133836, levelgen mode: deterministic

134 Redear the Skirmisher (level 4, -2/37 HPs)
             Began as a Mummy Monk on Dec 17, 2019.
             Slain by a killer bee zombie (6 damage)
             ... on level 3 of the Dungeon.
             The game lasted 00:03:26 (3062 turns).

Redear the Skirmisher (Mummy Monk)                  Turns: 3062, Time: 00:03:27

Health: -2/37      AC:  0    Str: 14    XL:     4   Next: 95%
Magic:  4/4        EV: 13    Int:  9    God:
Gold:   71         SH:  0    Dex: 15    Spells: 3/3 levels left

rFire    x . .     SeeInvis .     - Unarmed
rCold    + + .     Gourm    .   (no shield)
rNeg     + + +     Faith    .   (no armour)
rPois    ∞         Spirit   .   (no helmet)
rElec    .         Reflect  .   (no cloak)
rCorr    .         Harm     .   (no gloves)
MR       .....                  (no boots)
Stlth    ++........             (no amulet)
HPRegen  0.12/turn              c - ring of protection from cold {rC+}
MPRegen  0.09/turn              (no ring)

@: no status effects
A: no food or potions, fire vulnerability, cold resistance 1, negative energy
resistance 3, torment resistance, unbreathing
a: no special abilities


You were on level 3 of the Dungeon.
You were not hungry.

You visited 1 branch of the dungeon, and saw 3 of its levels.

You collected 71 gold pieces.

Inventory:

Armour
 a - a +0 robe
Jewellery
 c - a ring of protection from cold (left hand) {rC+}
Scrolls
 b - 2 scrolls of teleportation {unknown}
 d - a scroll of noise {unknown}
 e - 4 scrolls of identify {unknown}
 f - 2 scrolls of enchant weapon {unknown}
 g - 2 scrolls of remove curse {unknown}


   Skills:
 + Level 4.0 Fighting
 + Level 3.3 Dodging
 - Level 1.5 Stealth
 + Level 3.3 Unarmed Combat


You had 3 spell levels left.
You didn't know any spells.
Your spell library was empty.

Dungeon Overview and Level Annotations

Branches:
Dungeon (3/15)

Altars:


Innate Abilities, Weirdness & Mutations

You do not eat or drink.
Your flesh is vulnerable to fire.
You are immune to poison.
Your flesh is cold resistant. (rC+)
You are immune to negative energy. (rN+++)
You are immune to unholy pain and torment.
You can survive without breathing.


Message History

The killer bee zombie is heavily damaged.
The killer bee zombie barely misses you.
The killer bee zombie hits you.
* * * LOW HITPOINT WARNING * * *
You take 3 damage, and have 4/37 hp.
You can't drink.
Unknown command.
Press: ? - help, v - describe, . - travel
Here: a killer bee zombie (heavily damaged)
The floor.
Unknown command.
Unknown command.
Unknown command.
You closely miss the killer bee zombie.
The killer bee zombie is heavily damaged.
The killer bee zombie misses you.
You miss the killer bee zombie.
The killer bee zombie is heavily damaged.
The killer bee zombie hits you.
You die...

.........######..#
...####.## #..#
#.#######..####### #.
#............[....
##.#######.########.###.###
#.....÷.....# #.#
[..#......##.# #.#
##.##...#.#######.#
##.†)#>Z@.....%..#
#.##...#.#########
#.......#.# .. ......#.# #.
......... # ..........
...........# .#.## ##.
....# ##.o


You could see a killer bee zombie.

Vanquished Creatures
  An orc priest (D:3)
  Jessica (D:2)
  3 adders (D:2)
  3 worms
  2 dart slugs
  8 bats
  2 giant cockroaches (D:1)
  8 goblins
  5 hobgoblins
  2 quokkas
  A ball python (D:2)
  A frilled lizard (D:3)
  2 kobolds (D:2)
  3 rats
42 creatures vanquished.

Notes
Turn   | Place    | Note
-------+----------+-------------------------------------------
     0 | D:1      | Redear the Mummy Monk began the quest for the Orb.
     0 | D:1      | Reached XP level 1. HP: 18/18 MP: 1/1
   287 | D:1      | Reached XP level 2. HP: 14/24 MP: 2/2
   332 | D:1      | HP: 2/24 [bat (1)]
   971 | D:2      | Reached XP level 3. HP: 16/29 MP: 3/3
  1610 | D:2      | Reached skill level 3 in Dodging
  1944 | D:2      | Reached skill level 3 in Unarmed Combat
  2183 | D:2      | Reached XP level 4. HP: 24/37 MP: 4/4
  2312 | D:2      | Noticed Jessica
  2322 | D:2      | Killed Jessica
  2527 | D:3      | Reached skill level 4 in Fighting
  3062 | D:3      | Slain by a killer bee zombie

Levels and vault maps discovered:
D:1:      tarquinn_simple_flora_water_d, layout_loops_cross, feat_on_display
D:2:      layout_basic, uniq_jessica
D:3:      layout_loops_ring, first_ration

Skill      XL: |  1  2  3  4 |
---------------+-------------+-----
Dodging        | 3 |  3.3
Unarmed Combat | 3 |  3.3
Fighting       | 4 |  4.0
Stealth        | |  1.5

Action                   |  1- 3 |  4- 6 || total
-------------------------+-------+-------++-------
Melee: Unarmed           |   152 |    50 ||   202
       Punch             |     5 |       ||     5
 Stab: Sleeping          |     2 |       ||     2
Dodge: Dodged            |   117 |    41 ||   158

Table legend:
 A = Non-vault XP
 B = Vault XP
 C = Vault XP percentage of total XP
 D = Non-vault monster count
 E = Vault monster count
 F = Vault count percentage of total count
                 A         B        C        D         E       F
            +---------+---------+-------+---------+---------+-------
      Total |     155 |      37 |  19.3 |      41 |       1 |   2.4
            +---------+---------+-------+---------+---------+-------
        D:1 |      23 |       0 |   0.0 |      11 |       0 |   0.0
        D:2 |      75 |      37 |  33.0 |      21 |       1 |   4.5
        D:3 |      57 |       0 |   0.0 |       9 |       0 |   0.0
            +---------+---------+-------+---------+---------+-------
